 Dungeon Crawl Stone Soup version 0.21.1-1-g345015fe64 (webtiles) character file.

9277 Oravi the Transmogrifier (level 11, -16/81 HPs)
             Began as a Merfolk Transmuter on Apr 11, 2018.
             Was a Believer of Qazlal.
             Hit by a large rock thrown by a stone giant (30 damage)
             ... on level 10 of the Dungeon.
             The game lasted 00:51:17 (13170 turns).

Oravi the Transmogrifier (Merfolk Transmuter)      Turns: 13170, Time: 00:51:17

Health: -16/81     AC:  2    Str: 11    XL:     11   Next: 44%
Magic:  12/12      EV: 30    Int: 16    God:    Qazlal [**....]
Gold:   658        SH:  2    Dex: 19    Spells: 4/14 levels left

rFire    . . .     SeeInvis .     - Unarmed
rCold    + . .     Gourm    .   (shield currently unavailable)
rNeg     . . .     Faith    .   (armour currently unavailable)
rPois    x         Spirit   .   (helmet currently unavailable)
rElec    .         Reflect  .   (cloak currently unavailable)
rCorr    .         Harm     .   (gloves currently unavailable)
MR       .....                  (boots currently unavailable)
Stlth    ++........             (no amulet)
HPRegen  0.23/turn              m - ring of protection from cold
MPRegen  0.13/turn              (no ring)

@: spider-form (expiring)
A: tiny, (change form in water), (swift swim), (stealthy swim), low mp 1, wild
magic 1
a: End Transformation, Upheaval, Renounce Religion


You were on level 10 of the Dungeon.
You worshipped Qazlal.
Qazlal was pleased with you.
You were not hungry.
You were a venomous arachnid creature.
You visited 2 branches of the dungeon, and saw 11 of its levels.
You also visited: Sewer.

You collected 658 gold pieces.

Inventory:

Missiles
 a - 225 arrows
Armour
 h - a +0 robe of magic resistance (melded)
 i - a +1 cloak (melded)
 j - a +0 helmet
 v - a cursed -1 robe
 y - a +1 leather armour of fire resistance
 H - a +1 leather armour of cold resistance
Magical Staves
 r - an uncursed staff of cold (melded)
 G - an uncursed staff of summoning {unknown}
Jewellery
 m - a ring of protection from cold (left front leg)
Wands
 f - a wand of digging (26)
 g - a wand of iceblast (16)
 l - a wand of paralysis (14)
 o - a wand of flame (19)
 p - a wand of clouds (10)
 q - a wand of polymorph (12)
 E - a wand of random effects (11)
Scrolls
 b - 2 scrolls of enchant armour
 e - 2 scrolls of amnesia
 k - 3 scrolls of teleportation
 n - 4 scrolls of identify
 t - a scroll of remove curse
 w - a scroll of enchant weapon
 A - a scroll of blinking
 B - a scroll of fear
 I - a scroll of brand weapon {unknown}
 K - a scroll of random uselessness {unknown}
Potions
 s - 4 potions of lignification
 x - 2 potions of brilliance
 C - a potion of might
 F - 3 potions of curing
 J - a potion of mutation
Books
 c - a book of Changes

   Spells                             Type                      Level
   a - Beastly Appendage              Transmutation                1
   b - Sticks to Snakes               Transmutation                2
   c - Spider Form                    Transmutation/Poison         3
   d - Ice Form                       Ice/Transmutation            4
   e - Blade Hands                    Transmutation                5
 D - a book of Air

   Spells                             Type                      Level
   a - Shock                          Conjuration/Air              1
   b - Swiftness                      Charms/Air                   2
   c - Static Discharge               Conjuration/Air              3
   d - Airstrike                      Air                          4
   e - Lightning Bolt                 Conjuration/Air              5
Comestibles
 d - 15 rations


   Skills:
 * Level 6.1 Fighting
 * Level 9.4 Dodging
 + Level 10.7 Unarmed Combat
 - Level 2.0 Spellcasting
 * Level 12.0 Transmutations
 * Level 2.9 Ice Magic
 * Level 7.7 Poison Magic


You had 4 spell levels left.
You knew the following spells:

 Your Spells              Type           Power        Failure   Level  Hunger
a - Beastly Appendage     Tmut           ######       3%          1    #......
b - Sticks to Snakes      Tmut           ######..     4%          2    ###....
c - Spider Form           Tmut/Pois      #####.....   9%          3    ###....
d - Ice Form              Ice/Tmut       ####....     32%         4    #####..


Dungeon Overview and Level Annotations

Branches:
Dungeon (10/15)            Temple (1/1) D:7            Lair (0/6) D:8
    Orc: D:9-12

Altars:
Ashenzari
Cheibriados
Dithmenos
Elyvilon
Fedhas
Gozag
Hepliaklqana
Kikubaaqudgha
Makhleb
Nemelex Xobeh
Okawaru
Qazlal
Ru
Sif Muna
Trog
Uskayaw
Vehumet
Wu Jian
Xom
Yredelemnul
Zin
The Shining One

Shops:
D:4 *   D:5 =


Innate Abilities, Weirdness & Mutations

((You revert to your normal form in water.))
((You are very nimble and swift while swimming.))
((You are very stealthy in the water. (Stealth+)))
Your magical capacity is low. (-10% MP)
((You are resistant to electric shocks. (rElec)))
Your spells are a little harder to cast, but a little more powerful.


Message History

You hit the stone giant.
The stone giant is poisoned.
The stone giant is moderately wounded.
The stone giant barely misses you.
You hit the stone giant but do no damage.
The stone giant is moderately wounded.
The stone giant hits you!!!
You are too injured to fight recklessly!
You are too injured to fight recklessly!
You are too injured to fight recklessly!
Okay, then.
The stone giant throws a large rock.
The large rock completely misses you.
You feel much better.
Your transformation is almost over.
The stone giant throws a large rock.
The large rock hits you!!!
Ouch! That really hurt!
* * * LOW HITPOINT WARNING * * *
There is a stone staircase leading down here.
The stone giant throws a large rock.
The large rock completely misses you.
The stone giant throws a large rock.
The large rock hits you!!
You die...

#.........#####....)......
#.................#'#'#'#.
#.........#######.#.##.#.#
##.........# #.#.#.#.#.
#.....(....# #.#.##.#.#
#....#..##### #.#.#.#.#.
#....#......# #.#.##.#.#
##' #....§(######.#<#.#.#.
# #.>..s...........#.#.#
#C###........ #.#.#.#. #†#
#.#########.##.#.# #.# #.#
#....#.#.#.#. .Y# #.#
#....#.##.#.# ..##
#.####....#.#.#.#. ...
#............#.#.# ....
### ##.....##.#.#. .....
#.....# #.#.#


You could see a stone giant.

Vanquished Creatures
  A stone giant (D:10)
  A two-headed ogre (D:8)
  An unseen horror (D:10)
  A cyclops (D:10)
  A gargoyle (D:10)
  3 yaks (D:10)
  A basilisk (D:10)
  2 hungry ghosts
  A water moccasin (D:10)
  4 orc warriors
  2 ice beasts
  A phantom (D:8)
  5 sky beasts
  7 ogres
  8 centaurs
  A crocodile (D:10)
  7 bullfrogs
  A gnoll sergeant (D:5)
  4 killer bees (D:7)
  3 wights (D:8)
  2 howler monkeys (D:8)
  4 crimson imps
  A centaur zombie (D:7)
  A jelly (D:9)
  The ghost of FTLSpaceWarp the Ducker, a weakling SpTm (D:3)
  3 orc priests (D:10)
  10 orc wizards
  Ijyb (D:3)
  2 iguanas
  12 worker ants
  A hound skeleton (D:10)
  2 worker ant zombies
  12 adders
  6 gnolls
  A shadow imp (D:6)
  13 oozes
  An adder skeleton (D:7)
  3 worms
  13 leopard geckos
  28 orcs
  12 ball pythons
  16 giant cockroaches
  6 goblins
  5 hobgoblins
  3 jackals (D:7)
  7 kobolds
  2 quokkas
  5 bats
  16 frilled lizards
  3 jackal skeletons
  A quokka skeleton (D:4)
  7 rats
255 creatures vanquished.

Vanquished Creatures (collateral kills)
  The ghost of Oravi the Martial Artist, a novice MfTm (D:8)
  The ghost of DwarfAlpaca the Firebug, a novice OpFE of Qazlal (D:7)
  A phantom (D:4)
3 creatures vanquished.

Vanquished Creatures (others)
  5 dream sheep (D:7)
  3 plants (D:10)
8 creatures vanquished.

Grand Total: 266 creatures vanquished

Notes
Turn   | Place    | Note
-------+----------+-------------------------------------------
     0 | D:1      | Oravi the Merfolk Transmuter began the quest for the Orb.
     0 | D:1      | Reached XP level 1. HP: 15/15 MP: 3/3
   103 | D:1      | Reached skill level 3 in Transmutations
   633 | D:1      | Reached XP level 2. HP: 19/21 MP: 3/5
  1018 | D:2      | Found a basalt altar of Yredelemnul.
  1075 | D:2      | Found a basalt altar of Yredelemnul.
  1458 | D:2      | Reached XP level 3. HP: 26/26 MP: 4/6
  1462 | D:2      | Learned a level 2 spell: Sticks to Snakes
  1466 | D:2      | Learned a level 3 spell: Spider Form
  1541 | D:2      | Found a radiant altar of Vehumet.
  2113 | D:3      | Reached skill level 4 in Transmutations
  2320 | D:3      | Reached XP level 4. HP: 16/32 MP: 3/7
  2622 | D:3      | Noticed Ijyb
  2635 | D:3      | Killed Ijyb
  2635 | D:3      | Reached skill level 1 in Poison Magic
  2695 | D:3      | Noticed FTLSpaceWarp's ghost (weakling SpTm)
  3137 | D:3      | Killed FTLSpaceWarp's ghost
  3137 | D:3      | Reached XP level 5. HP: 31/37 MP: 1/8
  3217 | D:4      | Noticed an ogre
  3221 | D:4      | Noticed a phantom
  3229 | D:4      | Killed an ogre
  3229 | D:4      | Reached skill level 5 in Transmutations
  3233 | D:4      | Reached XP level 6. HP: 32/43 MP: 6/9
  3656 | D:4      | Killed a phantom
  3703 | D:4      | Reached skill level 5 in Unarmed Combat
  3705 | D:4      | Reached skill level 6 in Transmutations
  3778 | D:4      | Found a burning altar of Makhleb.
  3964 | D:4      | Reached XP level 7. HP: 48/48 MP: 6/10
  4235 | D:4      | Found Ziddisso's General Store.
  4247 | D:4      | Reached skill level 7 in Transmutations
  4485 | D:5      | Entered Level 5 of the Dungeon
  4926 | D:5      | Reached XP level 8. HP: 42/54 MP: 7/11
  5188 | D:5      | Found Juolulun's Jewellery Boutique.
  5210 | D:5      | Reached skill level 5 in Dodging
  5210 | D:5      | Reached skill level 8 in Transmutations
  5888 | D:6      | Gained mutation: You are clumsy. (Dex -2) [potion of mutation]
  5888 | D:6      | Gained mutation: You can translocate small distances at will. [potion of mutation]
  5888 | D:6      | Gained mutation: You have an increased reservoir of magic. (+10% MP) [potion of mutation]
  6117 | D:6      | Found a bloodstained altar of Trog.
  6380 | D:6      | Found a glowing drain.
  6396 | Sewer    | Entered a sewer
  6859 | Sewer    | Reached skill level 5 in Poison Magic
  7157 | D:7      | Reached XP level 9. HP: 61/62 MP: 9/13
  7165 | D:7      | Reached skill level 9 in Transmutations
  7575 | D:7      | Found a shimmering altar of Xom.
  7997 | D:7      | Found a staircase to the Ecumenical Temple.
  8081 | Temple   | Entered the Ecumenical Temple
  8178 | Temple   | Became a worshipper of Qazlal Stormbringer
  8250 | D:7      | Noticed DwarfAlpaca's ghost (novice OpFE)
  8279 | D:7      | Killed DwarfAlpaca's ghost
  8711 | D:7      | Learned a level 4 spell: Ice Form
  8840 | D:8      | Reached skill level 10 in Transmutations
  8870 | D:8      | Found a staircase to the Lair.
  8890 | D:8      | Noticed a two-headed ogre
  8909 | D:8      | Noticed Oravi's ghost (novice MfTm)
  8913 | D:8      | Killed a two-headed ogre
  8913 | D:8      | Reached XP level 10. HP: 26/73 MP: 14/14
  9205 | D:8      | Killed Oravi's ghost
  9330 | D:8      | Found a glowing silver altar of Zin.
  9349 | D:8      | Reached skill level 11 in Transmutations
  9872 | D:9      | Reached * piety under Qazlal
 10117 | D:9      | Reached skill level 5 in Fighting
 10165 | D:9      | Found a white marble altar of Elyvilon.
 10895 | D:10     | Entered Level 10 of the Dungeon
 10912 | D:10     | Lost mutation: You have an increased reservoir of magic. (+10% MP) [potion of mutation]
 10912 | D:10     | Lost mutation: You are clumsy. (Dex -2) [potion of mutation]
 10912 | D:10     | Lost mutation: You can translocate small distances at will. [potion of mutation]
 10912 | D:10     | Gained mutation: You are resistant to electric shocks. (rElec) [potion of mutation]
 10912 | D:10     | Gained mutation: Your magical capacity is low. (-10% MP) [potion of mutation]
 10912 | D:10     | Gained mutation: Your spells are a little harder to cast, but a little more powerful. [potion of mutation]
 10934 | D:10     | Noticed a gargoyle
 10953 | D:10     | Killed a gargoyle
 11194 | D:10     | Reached skill level 1 in Ice Magic
 11246 | D:10     | Killed an unseen horror
 11246 | D:10     | Reached skill level 10 in Unarmed Combat
 11350 | D:10     | Reached XP level 11. HP: 39/80 MP: 8/12
 11607 | D:10     | Noticed a stone giant
 12171 | D:10     | Noticed a stone giant
 12310 | D:10     | Killed a stone giant
 12594 | D:10     | Noticed a cyclops
 12623 | D:10     | Killed a cyclops
 13063 | D:10     | Reached skill level 12 in Transmutations
 13152 | D:10     | Reached ** piety under Qazlal
 13170 | D:10     | Hit by a large rock thrown by a stone giant

Skill      XL: |  1  2  3  4  5  6  7  8  9 10 11 |
---------------+----------------------------------+-----
Transmutations | 3 4 5 6 7 8 10 11 12 | 12.0
Dodging        | 3 4 6 7 8 9 |  9.4
Unarmed Combat | 4 5 7 9 10 | 10.7
Poison Magic   | 1 2 3 5 6 7 |  7.7
Fighting       | 2 4 5 6 |  6.1
Ice Magic      | 1 2 |  2.9
Spellcasting   | |  2.0

Action                   |  1- 3 |  4- 6 |  7- 9 | 10-12 || total
-------------------------+-------+-------+-------+-------++-------
Melee: Unarmed           |    97 |    95 |   485 |   294 ||   971
       Headbutt          |    18 |       |       |       ||    18
       Punch             |     1 |       |     1 |     2 ||     4
       Staff             |       |       |       |    12 ||    12
 Cast: Beastly Appendage |    19 |       |       |       ||    19
       Spider Form       |     6 |    17 |    50 |    35 ||   108
       Sticks to Snakes  |       |     9 |     6 |     9 ||    24
  Use: Scroll            |     4 |     2 |    12 |     2 ||    20
       Potion            |     2 |     3 |     3 |     2 ||    10
 Stab: Sleeping          |     2 |     1 |     1 |     1 ||     5
       Invisible         |       |       |     2 |       ||     2
  Eat: Chunk             |     6 |     8 |    23 |    20 ||    57
Armor: Robe              |    14 |     3 |       |     2 ||    19
       Skin              |     1 |     3 |    24 |     5 ||    33
Dodge: Dodged            |    57 |    72 |   449 |   260 ||   838
Block: Other             |       |       |       |     6 ||     6
